[Event "Titled Tuesday Blitz June 15 2021"]
[White "Jacobson, Aaron"]
[Black "Savitski, Andrei"]
[WhiteFideId "2089912"]
[BlackFideId "13506161"]
[WhiteElo "2260"]
[BlackElo "2121"]
[Result "1/2-1/2"]
[Round "07"]
[TimeControl "180+1"]
[Date "2021.06.15"]
[WhiteClock "0:00:29"]
[BlackClock "0:00:22"]

1. e4 c5 2. Nf3 d6 3. d4 cxd4 4. e5 Nc6 5. c3 dxe5 6. Bb5 Bd7 7. O-O Nf6 8. Bxc6 Bxc6 9. Nxe5 dxc3 10. Qe2 Qd5 11. Nxc6 Qxc6 12. Nxc3 e6 13. Bg5 Be7 14. Rac1 O-O 15. Rfd1 Qa6 16. Qxa6 bxa6 17. Ne4 Rac8 18. Nxf6+ Bxf6 19. Bxf6 gxf6 20. Kf1 Rxc1 21. Rxc1 Rb8 22. b3 a5 23. Rc7 a4 24. bxa4 Rb1+ 25. Ke2 Rb2+ 26. Ke3 Rxa2 27. Rxa7 Kg7 28. g4 Kg6 29. Kf3 Ra3+ 30. Kg2 Ra2 31. Kg3 Ra3+ 32. Kg2 e5 33. h4 h5 34. gxh5+ Kxh5 35. Rxf7 Rxa4 36. Rxf6 Kxh4 37. Rf5 e4 38. Kf1 Kg4 39. Rf8 Ra2 40. Ke1 Kg5 41. Kd1 Kg4 42. Kc1 Kg5 43. Kb1 Re2 44. Kc1 Ra2 45. Kd1 Kg4 46. Rf7 Rb2 47. Ke1 Ra2 48. Kf1 Rb2 49. Kg1 Ra2 50. Rf8 Ra1+ 51. Kg2 Ra2 52. Re8 Kf4 53. Re7 Rb2 54. Re6 Rc2 55. Re8 Re2 56. Rf8+ Kg4 57. Rg8+ Kf4 58. Kf1 Ra2 59. Rb8 Ra1+ 60. Kg2 Ra2 61. Rb3 Rc2 62. Rh3 Rd2 63. Rh4+ Kf5 64. Rh8 e3 65. Rf8+ Kg4 66. Rg8+ Kf5 67. Rf8+ Ke4 68. Re8+ Kf4 69. Rxe3 Rc2 70. Ra3 Rb2 71. Ra4+ Kf5 72. Kg3 Rb3+ 73. f3 Kf6 74. Kg4 Rb5 75. Ra6+ Kf7 76. f4 Rc5 77. Rb6 Rd5 78. Rh6 Rc5 79. Rd6 Rb5 80. Kf3 Rb3+ 81. Ke4 Rb5 82. Rc6 Ra5 83. Rb6 Rc5 84. Rd6 Ra5 85. Ke3 Ra3+ 86. Ke4 Ra5 87. Rb6 Rc5 88. Rb1 Ra5 89. Re1 Ra4+ 90. Kf5 Ra5+ 91. Re5 Rxe5+ 92. Kxe5 Ke7 93. Kf5 Kf7 94. Kg5 Kg7 95. Kg4 Kg6 96. Kg3 Kf5 97. Kf3 Kf6 98. Kf2 Kf5 99. Ke3 Kf6 100. Ke4 Ke6 101. Kd4 Kf5 102. Ke3 Kf6 103. Kf2 Kf5 104. Kg3 Kf6 105. Kg4 Kg6 106. f5+ Kf6 107. Kf4 Kf7 108. Kf3 Kf6 109. Kg4 Kf7 110. Kg5 Kg7 111. Kh5 Kf6 112. Kg4 Kf7 113. Kf4 Kf6 114. Ke4 Kf7 115. Ke5 Ke7 116. f6+ Kf7 117. Kf5 Kf8 118. Kg5 Kf7 119. Kf5 Kf8 120. Kg6 Kg8 121. f7+ Kf8 122. Kh7 Kxf7 1/2-1/2


[Site "https://www.chess.com"]

[Event "Titled Tuesday Blitz June 15 2021"]
[White "Jacobson, Brandon"]
[Black "Colas, Joshua"]
[WhiteFideId "30901561"]
[BlackFideId "2044447"]
[WhiteElo "2362"]
[BlackElo "2347"]
[Result "1-0"]
[Round "07"]
[TimeControl "180+1"]
[Date "2021.06.15"]
[WhiteClock "0:00:11"]
[BlackClock "0:00:05"]

1. d4 d5 2. c4 e6 3. Nf3 Nf6 4. g3 Be7 5. Bg2 O-O 6. Nc3 dxc4 7. Ne5 c5 8. dxc5 Qxd1+ 9. Nxd1 Bxc5 10. Nc3 Nc6 11. Nxc4 Bd7 12. O-O Rfd8 13. Bf4 Be8 14. h3 a6 15. Rfd1 h6 16. Nd6 Bxd6 17. Bxd6 Rac8 18. Rac1 b5 19. Ne4 Nxe4 20. Bxe4 Na5 21. Rxc8 Rxc8 22. Bb4 Bc6 23. Bb1 Nb7 24. Rc1 Bd7 25. Rxc8+ Bxc8 26. f4 f5 27. a3 Nd8 28. Kf2 Nc6 29. Bc3 Kf7 30. e4 g6 31. Ke3 h5 32. Ba2 Ke7 33. Bb3 Bd7 34. exf5 exf5 35. Bb4+ Kf6 36. Bd5 Be8 37. Bc5 Bd7 38. Kd2 Be8 39. Kc3 a5 40. Bb6 a4 41. Bf3 Ke6 42. Be2 Ne7 43. Kb4 Nd5+ 44. Ka5 Nf6 45. Bf2 Ne4 46. Be1 Nd6 47. Kb4 Kd5 48. h4 Nc4 49. Bc3 Bd7 50. Bf3+ Kd6 51. Bd4 Be8 52. Bc5+ Ke6 53. Kc3 Bd7 54. Bd4 Be8 55. Kd3 Bd7 56. Bc3 Be8 57. Kd4 Kd6 58. Bd5 Bd7 59. Bf7 Ke7 60. Bxg6 Kf6 61. Bxh5 Nd6 62. Kd5+ Ke7 63. Bb4 1-0


[Site "https://www.chess.com"]

[Event "Titled Tuesday Blitz June 15 2021"]
[White "Jakubowski, Krzysztof"]
[Black "Annaberdiyev, Babageldi"]
[WhiteFideId "1112848"]
[BlackFideId "14000385"]
[WhiteElo "2462"]
[BlackElo "2332"]
[Result "0-1"]
[Round "07"]
[TimeControl "180+1"]
[Date "2021.06.15"]
[WhiteClock "0:00:16"]
[BlackClock "0:00:58"]

1. e4 e6 2. d4 d5 3. Nc3 Nf6 4. e5 Nfd7 5. Nce2 c5 6. c3 Nc6 7. f4 g6 8. Nf3 h5 9. g3 Be7 10. Bg2 a6 11. a3 b5 12. O-O Bb7 13. Be3 c4 14. h3 Qb6 15. g4 hxg4 16. hxg4 O-O-O 17. Ng3 f5 18. exf6 Nxf6 19. Ng5 Rde8 20. Nxe6 Bd6 21. g5 Rxe6 22. Qf3 Ne4 23. Nxe4 Rxe4 24. Qg4+ Kb8 25. Bxe4 dxe4 26. f5 Bc8 27. Bf4 Qc7 28. Qg3 Bxf4 29. Qxf4 Qxf4 30. Rxf4 Bxf5 31. a4 Kb7 32. axb5 axb5 33. Kg2 Ne7 34. Kg3 Nd5 35. Rf2 Rh3+ 36. Kg2 Rd3 0-1


[Site "https://www.chess.com"]

[Event "Titled Tuesday Blitz June 15 2021"]
[White "Janaszak, Dawid"]
[Black "Goryachkina, Aleksandra"]
[WhiteFideId "1119206"]
[BlackFideId "4147103"]
[WhiteElo "2332"]
[BlackElo "2441"]
[Result "0-1"]
[Round "07"]
[TimeControl "180+1"]
[Date "2021.06.15"]
[WhiteClock "0:00:02"]
[BlackClock "0:00:07"]

1. e4 c5 2. Nc3 Nc6 3. Bb5 Nd4 4. Nf3 e6 5. O-O a6 6. Bd3 Ne7 7. Nxd4 cxd4 8. Ne2 Nc6 9. c3 Bc5 10. b4 Ba7 11. Bb2 O-O 12. Nxd4 Bxd4 13. cxd4 Nxb4 14. Bb1 d5 15. e5 Bd7 16. Bc3 a5 17. a3 Nc6 18. Qh5 h6 19. Bd3 Ne7 20. Rab1 b5 21. f4 Rb8 22. g4 Nc6 23. g5 Be8 24. gxh6 f5 25. Qh3 g6 26. Bxb5 Nxd4 27. Bxe8 Rxb1 28. Rxb1 Ne2+ 29. Kf1 Nxc3 30. h7+ Kh8 31. dxc3 Qxe8 32. Rb7 Qc8 33. Re7 Qc4+ 34. Ke1 Qe4+ 35. Kf1 Qxf4+ 36. Kg1 Qg5+ 37. Qg3 Qxe7 0-1


[Site "https://www.chess.com"]

[Event "Titled Tuesday Blitz June 15 2021"]
[White "Jia, Haoxiang"]
[Black "Martinez Alcantara, Jose Eduardo"]
[WhiteFideId "8602999"]
[BlackFideId "3805662"]
[WhiteElo "2635"]
[BlackElo "2690"]
[Result "1-0"]
[Round "07"]
[TimeControl "180+1"]
[Date "2021.06.15"]
[WhiteClock "0:00:20"]
[BlackClock "0:00:03"]

1. Nf3 c5 2. g3 Nc6 3. Bg2 g6 4. O-O Bg7 5. e4 d6 6. c3 e5 7. d4 exd4 8. cxd4 Bg4 9. d5 Bxf3 10. Bxf3 Nd4 11. Bg2 Nf6 12. Nc3 O-O 13. Be3 Nd7 14. f4 b5 15. Qd2 Nb6 16. b3 a5 17. Rad1 a4 18. Bxd4 Bxd4+ 19. Kh1 axb3 20. axb3 b4 21. Nb5 Bg7 22. e5 dxe5 23. fxe5 Bxe5 24. d6 Ra5 25. Qe2 Nd7 26. Qc4 Kg7 27. Nc7 Nf6 28. Nd5 Nxd5 29. Rxd5 Bd4 30. d7 Ra7 31. Rxd4 Rxd7 32. Rxd7 Qxd7 33. Qxc5 Rb8 34. Bd5 f5 35. Re1 Kh6 36. Qe3+ g5 37. Qe5 Rf8 38. Rc1 g4 39. Rc6+ Kh5 40. Rd6 Qc7 41. Rh6+ Kxh6 42. Qxc7 Rf7 43. Qxf7 1-0


[Site "https://www.chess.com"]

[Event "Titled Tuesday Blitz June 15 2021"]
[White "Jones, Gawain C B"]
[Black "Khusnutdinov, Rustam"]
[WhiteFideId "409561"]
[BlackFideId "13701703"]
[WhiteElo "2657"]
[BlackElo "2571"]
[Result "0-1"]
[Round "07"]
[TimeControl "180+1"]
[Date "2021.06.15"]
[WhiteClock "0:00:12"]
[BlackClock "0:00:51"]

1. e4 e6 2. d4 d5 3. Nd2 c5 4. Ngf3 Nc6 5. exd5 exd5 6. Bb5 Qe7+ 7. Qe2 Qxe2+ 8. Kxe2 a6 9. Bxc6+ bxc6 10. Re1 f6 11. dxc5 Bxc5 12. Nb3 Bd6 13. Be3 a5 14. Bc5 Kd7 15. Bxd6 Kxd6 16. Kd2 Nh6 17. Nbd4 Rb8 18. a4 Ng4 19. Re2 Ne5 20. b3 g6 21. Rae1 Re8 22. Nxe5 fxe5 23. f4 e4 24. Rf2 Ba6 25. f5 c5 26. fxg6 cxd4 27. Rf6+ Re6 28. Rxe6+ Kxe6 29. gxh7 e3+ 30. Kd1 Rh8 31. c3 Ke5 32. b4 Bc4 33. b5 Rxh7 34. h3 Ke4 35. cxd4 Kxd4 36. Kc2 Rf7 37. Rd1+ Ke4 38. b6 d4 39. h4 e2 40. Ra1 Ke3 41. h5 d3+ 42. Kc3 d2 43. b7 e1=Q 44. b8=Q d1=Q+ 45. Kxc4 Qd4+ 46. Kb5 Qeb4+ 47. Ka6 Rf6+ 0-1


[Site "https://www.chess.com"]

[Event "Titled Tuesday Blitz June 15 2021"]
[White "Jumabayev, Rinat"]
[Black "Xiong, Jeffery"]
[WhiteFideId "13702661"]
[BlackFideId "2047640"]
[WhiteElo "2535"]
[BlackElo "2724"]
[Result "0-1"]
[Round "07"]
[TimeControl "180+1"]
[Date "2021.06.15"]
[WhiteClock "0:00:02"]
[BlackClock "0:00:32"]

1. d4 d5 2. c3 Nc6 3. Bf4 f6 4. Nf3 g5 5. Bg3 h5 6. h4 g4 7. Nfd2 Nh6 8. e4 dxe4 9. Nxe4 Nf5 10. Bf4 e5 11. dxe5 Qxd1+ 12. Kxd1 fxe5 13. Bg5 Be6 14. Bb5 Be7 15. Nbd2 O-O-O 16. Bxc6 bxc6 17. Kc2 Rhf8 18. Rae1 Rde8 19. Re2 Nd6 20. Ng3 Bf7 21. Rxe5 Bxg5 22. Rxg5 Bd5 23. f3 gxf3 24. gxf3 Bxf3 25. Nxf3 Rxf3 26. Rh2 Nf7 27. Rg7 Re5 28. Rd2 Nd6 29. a4 a5 30. Kb3 c5 31. Rg2 Rf4 32. Rh2 Kb7 33. Rh7 Re3 34. Nxh5 c4+ 35. Ka2 Rf1 36. Rg7 Ree1 0-1


[Site "https://www.chess.com"]

[Event "Titled Tuesday Blitz June 15 2021"]
[White "Kalajzic, Ivan"]
[Black "De Silva, L M S T"]
[WhiteFideId "14506378"]
[BlackFideId "9953698"]
[WhiteElo "2163"]
[BlackElo "1621"]
[Result "0-1"]
[Round "07"]
[TimeControl "180+1"]
[Date "2021.06.15"]
[WhiteClock "0:00:07"]
[BlackClock "0:01:54"]

1. b3 d5 2. Bb2 Nf6 3. e3 e6 4. Nf3 Be7 5. d4 O-O 6. Bd3 c5 7. O-O Nc6 8. a3 Qc7 9. Nbd2 b6 10. dxc5 bxc5 11. e4 Rd8 12. exd5 exd5 13. Re1 Bg4 14. h3 Bh5 15. g4 Bg6 16. Bxg6 hxg6 17. Ne5 Bd6 18. Ndf3 d4 19. Nxc6 Qxc6 20. Qd3 Nd5 21. Bc1 Re8 22. Bd2 Bf4 23. Rxe8+ Rxe8 24. Re1 Rxe1+ 25. Nxe1 g5 26. Bxf4 Nxf4 27. Qf3 Qxf3 28. Nxf3 Nxh3+ 29. Kh2 Nxf2 30. Nxg5 Nxg4+ 31. Kg3 Ne3 32. Ne4 Nxc2 33. a4 d3 34. Kf3 Nd4+ 35. Ke3 Nxb3 36. Kxd3 f5 37. Nd6 f4 38. Ke4 g5 39. Kf5 f3 40. Ne4 c4 41. Kg4 c3 42. Nxc3 f2 0-1


[Site "https://www.chess.com"]

[Event "Titled Tuesday Blitz June 15 2021"]
[White "Kanyamarala, Tarun"]
[Black "Yaran, Siar"]
[WhiteFideId "45004714"]
[BlackFideId "6323006"]
[WhiteElo "2086"]
[BlackElo "1977"]
[Result "0-1"]
[Round "07"]
[TimeControl "180+1"]
[Date "2021.06.15"]
[WhiteClock "0:01:19"]
[BlackClock "0:01:52"]

1. d4 Nf6 2. c4 e6 3. Nf3 d5 4. Nc3 Be7 5. Bg5 h6 6. Bh4 O-O 7. e3 Ne4 8. Bxe7 Qxe7 9. Rc1 Nxc3 10. Rxc3 c6 11. Be2 Nd7 12. O-O dxc4 13. Bxc4 e5 14. Qc1 exd4 15. Nxd4 Nf6 16. Rd1 c5 17. Nb5 b6 18. Nd6 Be6 19. f3 Rfd8 20. Rcd3 Rd7 21. Bxe6 Qxe6 22. b3 Rad8 23. Qd2 Ne8 0-1


[Site "https://www.chess.com"]

[Event "Titled Tuesday Blitz June 15 2021"]
[White "Kislov, Oleg"]
[Black "Turgut, Aydin"]
[WhiteFideId "13503774"]
[BlackFideId "2078791"]
[WhiteElo "2252"]
[BlackElo "2138"]
[Result "0-1"]
[Round "07"]
[TimeControl "180+1"]
[Date "2021.06.15"]
[WhiteClock "0:00:10"]
[BlackClock "0:00:15"]

1. e4 e5 2. Nf3 Nc6 3. d4 exd4 4. Nxd4 Nf6 5. Nc3 Nxe4 6. Nxe4 Qe7 7. Nxc6 Qxe4+ 8. Be2 dxc6 9. O-O Be6 10. Bf3 Qg6 11. Bf4 Rd8 12. Qe1 Bd6 13. Bxd6 cxd6 14. Qa5 Qxc2 15. Qxa7 O-O 16. Qxb7 c5 17. Rfc1 Qa4 18. Qe4 Qa5 19. a3 Rb8 20. Rc2 g6 21. Qd3 Rb6 22. Bd5 Bf5 23. Be4 Bd7 24. Rd2 Rfb8 25. h3 Be6 26. Rad1 Qa4 27. Qc3 Qxe4 0-1


[Site "https://www.chess.com"]

[Event "Titled Tuesday Blitz June 15 2021"]
[White "Klimkowski, Jan"]
[Black "Quparadze, Giga"]
[WhiteFideId "21856222"]
[BlackFideId "13602250"]
[WhiteElo "1903"]
[BlackElo "2658"]
[Result "0-1"]
[Round "07"]
[TimeControl "180+1"]
[Date "2021.06.15"]
[WhiteClock "0:01:27"]
[BlackClock "0:02:41"]

1. e4 c5 2. Nf3 e6 3. d4 cxd4 4. Nxd4 a6 5. Bd3 g6 6. O-O Bg7 7. Be3 Ne7 8. c4 d5 9. cxd5 exd5 10. Nc3 O-O 11. Rc1 Nbc6 12. Nxc6 bxc6 13. Bc5 Be6 14. exd5 cxd5 15. Qd2 Re8 16. Na4 Nc6 17. Nb6 Rb8 18. Na4 Ne5 19. Bxa6 Qh4 20. b3 Nf3+ 21. gxf3 Be5 22. Rfe1 Bxh2+ 0-1


[Site "https://www.chess.com"]

[Event "Titled Tuesday Blitz June 15 2021"]
[White "Koridze, Lile"]
[Black "elcandado"]
[WhiteFideId "13612514"]
[WhiteElo "1978"]
[BlackElo "2647"]
[Result "0-1"]
[Round "07"]
[TimeControl "180+1"]
[Date "2021.06.15"]
[WhiteClock "0:01:22"]
[BlackClock "0:01:12"]

1. d4 Nf6 2. c4 e6 3. Nc3 Bb4 4. e3 O-O 5. Bd3 c5 6. Ne2 cxd4 7. exd4 d5 8. c5 b6 9. cxb6 Qxb6 10. O-O Ba6 11. Bg5 Nbd7 12. Re1 Bxc3 13. Nxc3 Bxd3 14. Qxd3 Qxb2 15. Rab1 Qa3 16. Re3 Rfb8 17. Rbe1 Rc8 18. Qd2 Qa5 19. Rh3 Rc4 20. Qe3 Rac8 21. Ne2 Qxe1# 0-1


[Site "https://www.chess.com"]

[Event "Titled Tuesday Blitz June 15 2021"]
[White "Kretov, Evgenij"]
[Black "Przybylski, Wojciech"]
[WhiteFideId "4167821"]
[BlackFideId "1117599"]
[WhiteElo "2400"]
[BlackElo "2317"]
[Result "1-0"]
[Round "07"]
[TimeControl "180+1"]
[Date "2021.06.15"]
[WhiteClock "0:01:41"]
[BlackClock "0:00:09"]

1. d4 Nf6 2. c4 e6 3. Nc3 Bb4 4. Bg5 h6 5. Bh4 g5 6. Bg3 Ne4 7. Qc2 Bxc3+ 8. bxc3 Nxg3 9. hxg3 d6 10. g4 Nd7 11. e3 b6 12. Bd3 Bb7 13. f3 Qe7 14. Ne2 O-O-O 15. Kf2 e5 16. Bf5 Kb8 17. Ng3 Nf8 18. a4 a5 19. Be4 Ne6 20. Rab1 exd4 21. cxd4 d5 22. Nf5 Qf6 23. cxd5 Bxd5 24. Rhc1 Bxe4 25. Qxe4 Rd7 26. Rc6 Rhd8 27. d5 Rxd5 28. Nd4 Nc5 29. Rxf6 Nxe4+ 30. fxe4 Rc5 31. Nc6+ Kc8 32. Nxd8 Kxd8 33. Rxf7 Rc4 34. e5 Re4 35. Rd1+ Kc8 36. Rdd7 1-0


[Site "https://www.chess.com"]

[Event "Titled Tuesday Blitz June 15 2021"]
[White "Krivonosov, Oleg"]
[Black "Rottenwohrer Suarez, Juan"]
[WhiteFideId "11600349"]
[BlackFideId "32068182"]
[WhiteElo "2469"]
[BlackElo "2188"]
[Result "1-0"]
[Round "07"]
[TimeControl "180+1"]
[Date "2021.06.15"]
[WhiteClock "0:00:29"]
[BlackClock "0:00:02"]

1. Nf3 Nf6 2. c4 g6 3. Nc3 Bg7 4. e4 c5 5. d4 cxd4 6. Nxd4 Nc6 7. Be3 O-O 8. Be2 d6 9. O-O Bd7 10. Qd2 Nxd4 11. Bxd4 Bc6 12. f3 a5 13. b3 Nd7 14. Rac1 Bxd4+ 15. Qxd4 Qb6 16. Qxb6 Nxb6 17. Nd5 Bxd5 18. cxd5 Rfc8 19. Kf2 Nd7 20. Ke3 Nc5 21. Rc3 Rcb8 22. Bb5 Kg7 23. Rfc1 f5 24. e5 b6 25. f4 h6 26. a3 Ra7 27. b4 axb4 28. axb4 Ne4 29. Rc7 Rbb7 30. Rxb7 Rxb7 31. Ra1 Rc7 32. Bc6 g5 33. g3 e6 34. Kd4 gxf4 35. gxf4 dxe5+ 36. fxe5 exd5 37. Bxd5 Nc3 38. Rg1+ Kh7 39. Bg8+ Kh8 40. Bc4 b5 41. Bd3 Na2 42. e6 Nxb4 43. Bxf5 Nc6+ 44. Kd5 Ne7+ 45. Kd6 Rb7 46. Be4 Ra7 47. Rb1 Kg7 48. Rf1 Ng8 49. Ke5 b4 50. Rg1+ Kh8 51. Bd5 b3 52. Rxg8+ Kxg8 53. e7+ Kg7 54. e8=Q b2 55. Qg8# 1-0


[Site "https://www.chess.com"]

[Event "Titled Tuesday Blitz June 15 2021"]
[White "Levitskiy, Andrey"]
[Black "Willow, Jonah B"]
[WhiteFideId "14132885"]
[BlackFideId "438804"]
[WhiteElo "2323"]
[BlackElo "2261"]
[Result "1/2-1/2"]
[Round "07"]
[TimeControl "180+1"]
[Date "2021.06.15"]
[WhiteClock "0:00:04"]
[BlackClock "0:00:03"]

1. e4 c5 2. Nf3 Nc6 3. d4 cxd4 4. Nxd4 g6 5. Nc3 Bg7 6. Be3 Nf6 7. Bc4 O-O 8. Bb3 d6 9. f3 Bd7 10. h4 Nxd4 11. Bxd4 b5 12. h5 a5 13. hxg6 hxg6 14. a4 bxa4 15. Nxa4 Rb8 16. Qd2 Qc7 17. Qg5 Bxa4 18. Rxa4 Rfc8 19. Bxf6 exf6 20. Qd5 f5 21. Rc4 Qe7 22. Rxc8+ Rxc8 23. Kd1 fxe4 24. Re1 e3 25. Qd3 Qg5 26. Re2 Re8 27. Kc1 Qf6 28. c3 Rb8 29. Qc4 Bh6 30. Kb1 Qf5+ 31. Ka2 Kg7 32. Qd4+ Qf6 33. Qc4 Qe5 34. Re1 Qf6 35. Re2 Bf4 36. g4 Bg5 37. Qd5 a4 38. Bxa4 Bf4 39. Bb3 Rb6 40. Bc4 Be5 41. Kb1 Bxc3 42. b3 Bd2 43. Kc2 Qc3+ 44. Kb1 Qf6 45. g5 Qe7 46. Qd4+ Kg8 47. Qxb6 Qe5 48. Qb8+ Kg7 49. Qd8 Qf5+ 50. Ka2 Qc2+ 51. Ka3 Qc1+ 52. Ka4 Qa1+ 53. Kb5 Bc3 54. Kc6 Be5 55. Qd7 Qa8+ 56. Kc7 d5+ 57. Kb6 dxc4 58. Qb7 Qd8+ 59. Ka6 cxb3 60. Qb5 Qd4 61. Re1 b2 62. Re2 Qc3 63. f4 Bxf4 64. Rxb2 Qa3+ 65. Kb7 e2 66. Rxe2 Qa1 67. Qb2+ Qxb2+ 68. Rxb2 Bxg5 69. Rg2 Bf4 70. Kc6 f5 71. Kd5 Kf6 72. Ra2 Kg5 73. Rg2+ Kf6 74. Ra2 Bc1 75. Ra6+ Kg5 76. Ke6 Kf4 77. Ra4+ Kg3 78. Kf6 f4 79. Rxf4 Kxf4 80. Kxg6 1/2-1/2


[Site "https://www.chess.com"]

[Event "Titled Tuesday Blitz June 15 2021"]
[White "Liyanage, Ranindu Dilshan"]
[Black "Hamley, Ryan"]
[WhiteFideId "9915834"]
[BlackFideId "30959497"]
[WhiteElo "1839"]
[BlackElo "2453"]
[Result "1-0"]
[Round "07"]
[TimeControl "180+1"]
[Date "2021.06.15"]
[WhiteClock "0:00:06"]
[BlackClock "0:00:07"]

1. e4 c6 2. d4 d5 3. e5 Bf5 4. h4 h5 5. Bd3 Bxd3 6. Qxd3 Qa5+ 7. Nd2 Qa6 8. e6 Qxd3 9. exf7+ Kxf7 10. cxd3 Nd7 11. Ndf3 e6 12. Nh3 Re8 13. Bf4 Nh6 14. O-O-O Nf5 15. Rde1 c5 16. Nhg5+ Kf6 17. Ne5 Nxe5 18. dxe5+ Kg6 19. Reg1 Nd4 20. Kd2 Be7 21. Rh3 Rhf8 22. Be3 Bxg5 23. hxg5 Rf5 24. f4 Nc6 25. g3 d4 26. Bf2 Nxe5 27. Rgh1 Ng4 28. Be1 Rh8 29. Rh4 Rh7 30. Kc1 e5 31. Bd2 Nf2 32. R1h2 Ng4 33. Re2 Rh8 34. Re4 Rhf8 35. Kc2 b5 36. b3 a6 37. Re2 Rc8 38. Rh1 c4 39. bxc4 bxc4 40. dxc4 Rxc4+ 41. Kd3 Ra4 42. Rb1 Ra3+ 43. Ke4 Rf8 44. Rb6+ Kh7 45. fxe5 Rxg3 46. Bf4 Rg1 47. e6 Rf1 48. g6+ Kg8 49. Bg3 Re8 50. Kxd4 Rf6 51. Rxa6 Rxg6 52. Bh4 Nh6 53. Ke5 Rg4 54. Bf2 h4 55. Re4 Rxe4+ 56. Kxe4 Ng4 57. Bxh4 g6 58. Kf4 Nh6 59. e7 Nf5 60. Rxg6+ Kf7 61. Kxf5 Rh8 62. Rf6+ Ke8 63. Bg5 Rh5 64. Kg6 Rh8 65. Rf8+ Rxf8 66. exf8=Q+ Kxf8 67. Kf5 Ke8 68. Ke6 Kf8 69. Kd6 Ke8 70. a4 1-0


[Site "https://www.chess.com"]

[Event "Titled Tuesday Blitz June 15 2021"]
[White "Lodici, Lorenzo"]
[Black "Fier, Alexandr"]
[WhiteFideId "884189"]
[BlackFideId "2107139"]
[WhiteElo "2265"]
[BlackElo "2569"]
[Result "0-1"]
[Round "07"]
[TimeControl "180+1"]
[Date "2021.06.15"]
[WhiteClock "0:00:15"]
[BlackClock "0:01:20"]

1. e4 Nf6 2. e5 Nd5 3. d4 d6 4. Nf3 Nc6 5. c4 Nb6 6. e6 fxe6 7. Be2 g6 8. h4 Bg7 9. h5 e5 10. d5 Nd4 11. Nxd4 exd4 12. Bd3 Bf5 13. hxg6 Bxg6 14. Bxg6+ hxg6 15. Rxh8+ Bxh8 16. Qd3 c6 17. Nd2 Kd7 18. Nf3 Qg8 19. Nxd4 cxd5 20. cxd5 Qxd5 21. Qh3+ Kc7 22. Ne6+ Kc6 23. Be3 Nc4 24. Rc1 Bxb2 25. Rc2 Rh8 26. Qf3 Qxf3 27. gxf3 b5 28. Ke2 a5 29. Nf4 Rg8 30. a4 Be5 31. Nd3 Bf6 32. f4 d5 33. axb5+ Kxb5 34. Bc5 a4 35. Rc1 a3 36. Rc2 Bb2 37. Bxe7 a2 38. Nxb2 a1=Q 39. Nxc4 dxc4 0-1


[Site "https://www.chess.com"]

[Event "Titled Tuesday Blitz June 15 2021"]
[White "Macovei, Andrei"]
[Black "Badelka, Olga"]
[WhiteFideId "13904680"]
[BlackFideId "13509926"]
[WhiteElo "2439"]
[BlackElo "2181"]
[Result "1-0"]
[Round "07"]
[TimeControl "180+1"]
[Date "2021.06.15"]
[WhiteClock "0:01:22"]
[BlackClock "0:00:19"]

1. e4 c5 2. Nf3 Nc6 3. Bb5 e6 4. Bxc6 bxc6 5. d3 Ne7 6. h4 Qc7 7. e5 d6 8. exd6 Qxd6 9. Nbd2 Nf5 10. Ne4 Qc7 11. g3 Be7 12. Bf4 Qb6 13. b3 O-O 14. Kf1 c4 15. bxc4 c5 16. Kg2 Bb7 17. Re1 Rad8 18. Qe2 Nd4 19. Nxd4 Rxd4 20. f3 f6 21. Rab1 Qc6 22. Be3 f5 23. Bxd4 fxe4 24. Qxe4 Ba8 25. Qxc6 Bxc6 26. Be5 Rxf3 27. Rb8+ Kf7 28. Rf1 1-0


[Site "https://www.chess.com"]

[Event "Titled Tuesday Blitz June 15 2021"]
[White "Maltsevskaya, Aleksandra"]
[Black "Mekhitarian, Krikor Sevag"]
[WhiteFideId "24174041"]
[BlackFideId "2107660"]
[WhiteElo "2225"]
[BlackElo "2598"]
[Result "0-1"]
[Round "07"]
[TimeControl "180+1"]
[Date "2021.06.15"]
[WhiteClock "0:00:01"]
[BlackClock "0:00:05"]

1. e4 c5 2. Nf3 g6 3. d4 cxd4 4. Qxd4 Nf6 5. e5 Nc6 6. Qa4 Nd5 7. Qb3 Nc7 8. Bc4 Ne6 9. Bd2 Bg7 10. O-O O-O 11. Re1 Qc7 12. Bc3 Na5 13. Bxa5 Qxa5 14. Nc3 Nc5 15. Qb5 Qxb5 16. Bxb5 a6 17. Bc4 b5 18. Bd5 Ra7 19. b4 Ne6 20. Bb3 Bb7 21. Nd5 Bxd5 22. Bxd5 Rc8 23. Bb3 a5 24. bxa5 Rxa5 25. Rad1 Ra7 26. Rd5 Nc5 27. Red1 e6 28. R5d2 h6 29. h4 Rac7 30. Rd4 Kf8 31. Rb4 Rb8 32. a4 Rcb7 33. a5 Ke7 34. Rbd4 Ra7 35. Ra1 Rba8 36. Rg4 Rxa5 37. Rxa5 Rxa5 38. h5 g5 39. Rb4 Na6 40. Re4 Ra1+ 41. Kh2 Rb1 42. g3 Rc1 43. Kg2 Ra1 44. Nd4 Nc5 45. Re2 b4 46. Nf3 Ra5 47. Rd2 Nxb3 48. cxb3 Bxe5 49. Rc2 Bc3 50. Nh2 f5 51. g4 Kf6 52. Kf3 Ra3 53. gxf5 exf5 54. Nf1 Rxb3 55. Ne3 Bd4 56. Ke2 Bxe3 57. fxe3 Rc3 58. Rd2 Ke6 59. Rd4 b3 60. Rb4 d6 61. Rb8 Rc2+ 62. Kd3 Rh2 63. Rxb3 Rxh5 64. Rb8 Rh4 65. Rh8 Ke5 66. Re8+ Kd5 67. Ke2 f4 68. Kf3 fxe3 69. Kxe3 Rf4 70. Rh8 Rf6 71. Rg8 Ke5 72. Ra8 Kf5 73. Kf3 d5 74. Kg3 h5 75. Re8 h4+ 76. Kh3 d4 77. Rd8 Ke4 78. Kg4 d3 79. Kxg5 Rf2 80. Kxh4 Rg2 81. Kh3 Rg7 82. Re8+ Kd4 83. Re7 Rxe7 0-1


[Site "https://www.chess.com"]

[Event "Titled Tuesday Blitz June 15 2021"]
[White "Manafov, Vugar"]
[Black "Hansen, Eric"]
[WhiteFideId "13410814"]
[BlackFideId "2606771"]
[WhiteElo "2274"]
[BlackElo "2568"]
[Result "0-1"]
[Round "07"]
[TimeControl "180+1"]
[Date "2021.06.15"]
[WhiteClock "0:00:06"]
[BlackClock "0:00:05"]

1. Nf3 d5 2. g3 g6 3. Bg2 Bg7 4. O-O e5 5. d3 Ne7 6. e4 O-O 7. Nc3 dxe4 8. dxe4 Nbc6 9. Be3 Nd4 10. Bxd4 exd4 11. Ne2 c5 12. Ne1 f5 13. Nf4 Qd6 14. Qe2 Kh8 15. b3 Bd7 16. Ned3 fxe4 17. Qxe4 b6 18. Rae1 Rae8 19. Ne6 Nf5 20. Ndf4 Re7 21. Bh3 Rfe8 22. Bxf5 gxf5 23. Qxf5 Bxe6 24. Qg5 Bf7 25. Rxe7 Qxe7 26. Qg4 Bh6 27. Nd3 Qf6 28. Qd7 Re7 29. Qd8+ Kg7 30. h4 Bg6 31. Nb2 Bxc2 32. Nc4 Bd3 33. Rd1 Bxc4 34. bxc4 Rf7 35. Qxf6+ Kxf6 36. Rf1 Kf5 37. Kg2 d3 38. Kf3 Re7 39. Rd1 Rd7 40. g4+ Ke5 41. g5 Bg7 42. Ke3 Kf5 43. f4 Bd4+ 44. Kf3 Bc3 45. h5 d2 46. a4 Re7 47. g6 hxg6 48. h6 Re1 0-1


[Site "https://www.chess.com"]

[Event "Titled Tuesday Blitz June 15 2021"]
[White "Matlakov, Maxim"]
[Black "Rud_Makarian"]
[WhiteFideId "4168003"]
[WhiteElo "2760"]
[BlackElo "2763"]
[Result "0-1"]
[Round "07"]
[TimeControl "180+1"]
[Date "2021.06.15"]
[WhiteClock "0:00:30"]
[BlackClock "0:00:48"]

1. Nf3 Nf6 2. g3 g6 3. b3 Bg7 4. Bb2 d6 5. c4 e5 6. d3 O-O 7. Bg2 Nc6 8. O-O Bf5 9. Nc3 Qd7 10. Re1 Bh3 11. Bh1 h6 12. Rc1 Nd4 13. Nxd4 exd4 14. Nd5 c5 15. Nxf6+ Bxf6 16. e3 Rae8 17. Qf3 Bg5 18. exd4 Bxc1 19. Rxc1 Qe6 20. Qe4 Qf6 21. Qf3 Qg5 22. Qd1 Re7 23. Bg2 Bxg2 24. Kxg2 Rfe8 25. Qf3 Re2 26. dxc5 Rxb2 27. cxd6 Qxc1 0-1


[Site "https://www.chess.com"]

[Event "Titled Tuesday Blitz June 15 2021"]
[White "Maze, Sebastien"]
[Black "Svane, Rasmus"]
[WhiteFideId "613762"]
[BlackFideId "4657101"]
[WhiteElo "2462"]
[BlackElo "2669"]
[Result "1-0"]
[Round "07"]
[TimeControl "180+1"]
[Date "2021.06.15"]
[WhiteClock "0:00:04"]
[BlackClock "0:00:06"]

1. e4 c6 2. Nc3 d5 3. Qf3 dxe4 4. Nxe4 Nf6 5. Nxf6+ exf6 6. Bc4 Bd6 7. Ne2 Nd7 8. d4 O-O 9. O-O Re8 10. Bf4 Nf8 11. Bxd6 Qxd6 12. c3 Be6 13. Bxe6 Nxe6 14. Rfe1 a5 15. a4 Rad8 16. Ng3 b6 17. Nf5 Qd7 18. Rad1 Ng5 19. Qf4 Ne6 20. Qf3 g6 21. Ne3 Kg7 22. d5 Ng5 23. Qf4 cxd5 24. h4 Ne6 25. Qf3 Qxa4 26. Nxd5 Qxh4 27. Nxb6 Ng5 28. Qg3 Qxg3 29. fxg3 Rxe1+ 30. Rxe1 f5 31. Nc4 h5 32. Nxa5 Ne4 33. c4 Rd2 34. b4 Nxg3 35. c5 f4 36. c6 h4 37. b5 h3 38. Kh2 hxg2 39. c7 Nf1+ 40. Kg1 f3 41. Rxf1 gxf1=Q+ 42. Kxf1 Rc2 43. Nc6 f5 44. c8=Q Kh6 45. Qe6 Rc1+ 46. Kf2 Rc3 47. Qe3+ Rxe3 48. Kxe3 g5 49. b6 g4 50. b7 g3 51. Kxf3 g2 52. Kxg2 f4 53. Kf3 1-0


[Site "https://www.chess.com"]